 Dungeon Crawl Stone Soup version 0.27.1 (webtiles) character file.

Game seed: 5423527957804420249

8112 bnorton916 the Destroyer (level 11, -4/54 HPs)
             Began as a Deep Elf Conjurer on Aug 29, 2021.
             Was a Priest of Vehumet.
             Slain by a boulder beetle (49 damage)
             ... on level 2 of the Lair of Beasts.
             The game lasted 00:27:40 (14775 turns).

bnorton916 the Destroyer (Deep Elf Conjurer)       Turns: 14775, Time: 00:27:41

Health: -4/54      AC: 13    Str:  5    XL:     11   Next: 5%
Magic:  19/32      EV: 16    Int: 26    God:    Vehumet [***...]
Gold:   680        SH:  0    Dex: 13    Spells: 4/23 levels left

rFire    . . .     SeeInvis .   i - +4 dagger
rCold    . . .     Faith    .   (no shield)
rNeg     . . .     Spirit   .   a - +0 robe
rPois    .         Reflect  .   h - +0 helmet
rElec    .         Harm     .   J - +2 cloak
rCorr    .         Rampage  .   v - +0 pair of gloves
Will     +....                  K - +0 pair of boots
Stlth    ++........             (no amulet)
HPRegen  0.18/turn              x - +4 ring of protection
MPRegen  0.23/turn              D - ring of magical power

@: no status effects
A: no striking features
a: Renounce Religion


You were on level 2 of the Lair of Beasts.
You worshipped Vehumet.
Vehumet was most pleased with you.
You visited 3 branches of the dungeon, and saw 11 of its levels.
You also visited: Ossuary.

You collected 680 gold pieces.

Inventory:

Hand Weapons
 e - a +2 dagger of speed
 i - a +4 dagger (weapon)
 L - the +9 hand axe of Kuschorid {pain, Fly}
   (You found it on level 8 of the Dungeon)

   In the hands of one skilled in necromantic magic, it inflicts extra damage on
   living creatures.
   Fly:       It grants you flight.
Missiles
 c - 429 stones
 B - a curare-tipped dart
Armour
 a - a +0 robe (worn)
 h - a +0 helmet (worn)
 v - a +0 pair of gloves (worn)
 J - a +2 cloak (worn)
 K - a +0 pair of boots (worn)
Magical Staves
 u - a staff of fire
Jewellery
 x - a +4 ring of protection (left hand)
 D - a ring of magical power (right hand)
Wands
 r - a wand of mindburst (7)
 y - a wand of iceblast (7)
 F - a wand of paralysis (8)
 H - a wand of digging (8)
Scrolls
 d - a scroll of vulnerability
 f - a scroll of magic mapping {unknown}
 k - 3 scrolls of teleportation
 l - 6 scrolls of enchant armour
 o - 2 scrolls of silence
 q - a scroll of blinking {unknown}
 t - a scroll of immolation
 z - 2 scrolls of amnesia
 C - 4 scrolls of noise
 E - a scroll of enchant weapon {unknown}
Potions
 b - 4 potions of attraction
 g - 6 potions of curing
 j - 3 potions of lignification
 m - 2 potions of cancellation
 n - 4 potions of flight
 p - 2 potions of might
 s - 4 potions of haste
 w - 2 potions of brilliance
 A - a potion of mutation
 G - 2 potions of heal wounds
 I - 2 potions of invisibility


   Skills:
 - Level 4.0 Armour
 - Level 8.9 Dodging
 - Level 2.4 Stealth
 + Level 6.9 Spellcasting
 + Level 12.1 Conjurations
 - Level 7.4 Hexes
 - Level 6.1 Translocations
 + Level 3.1 Fire Magic
 - Level 2.5 Ice Magic


You had 4 spell levels left.
You knew the following spells:

 Your Spells              Type           Power      Damage    Failure   Level
a - Magic Dart            Conj           100%       1d8       1%          1
b - Searing Ray           Conj           100%       3d7       1%          2
c - Fulminant Prism       Conj/Hex       28%        3d14      1%          4
d - Iskenderun's Mystic   Conj/Tloc      54%        2d12      1%          4
e - Blink                 Tloc           N/A        N/A       1%          2
f - Frozen Ramparts       Ice            44%        1d6       1%          3
g - Stone Arrow           Conj/Erth      80%        3d12      1%          3

Your spell library contained the following spells:

 Spells                   Type           Power      Damage    Failure   Level
 Dazzling Flash           Conj/Hex       100%       N/A       1%          3
 Lesser Beckoning         Tloc           20%        N/A       1%          3
 Passage of Golubria      Tloc           N/A        N/A       4%          4
 Corpse Rot               Necr/Air       N/A        N/A       10%         2
 Dispel Undead            Necr           9%         3d8       54%         4
 Fireball                 Conj/Fire      24%        3d11      2%          5
 Irradiate                Conj/Tmut      20%        3d20      4%          5
 Starburst                Conj/Fire      24%        6d8       11%         6
 Manifold Assault         Tloc           41%        N/A       14%         5
 Silence                  Hex/Air        14%        N/A       36%         5
 Summon Mana Viper        Hex/Summ       28%        N/A       36%         5
 Summon Forest            Summ/Tloc      12%        N/A       45%         5
 Dispersal                Tloc           20%        N/A       58%         6
 Blade Hands              Tmut           4%         N/A       87%         5
 Death Channel            Necr           4%         N/A       100%        6
 Shadow Creatures         Summ           N/A        N/A       100%        6
 Dragon Form              Tmut           4%         N/A       100%        7
 Disjunction              Tloc           20%        N/A       100%        8
 Ignition                 Fire           12%        3d6       100%        8
 Lehudib's Crystal Spear  Conj/Erth      20%        10d6      100%        8


Dungeon Overview and Level Annotations

Branches:
Dungeon (8/15)             Temple (1/1) D:4            Lair (2/6) D:8
Ossuary (visited)
  Swamp: Lair:2-4    Shoals: Lair:2-4     Snake: Lair:2-4    Spider: Lair:2-4

Altars:
Ashenzari
Cheibriados
Dithmenos
Elyvilon
Fedhas
Hepliaklqana
Kikubaaqudgha
Makhleb
Okawaru
Qazlal
Ru
Uskayaw
Vehumet
Xom
Yredelemnul
Zin
The Shining One


Message History

The magic dart hits the komodo dragon but does no damage.
The komodo dragon is almost dead.
Casting: Magic Dart (safe; 1% risk of failure)
Confirm with . or Enter, or press ? or * to list all spells.
Aiming: Magic Dart (safe; 1% risk of failure)
Press: ? - help, Shift-Dir - straight line, f/p - komodo dragon
Aim: a komodo dragon (almost dead, 100% to hit)
The magic dart hits the komodo dragon but does no damage.
The komodo dragon is almost dead.
Casting: Magic Dart (safe; 1% risk of failure)
Confirm with . or Enter, or press ? or * to list all spells.
Aiming: Magic Dart (safe; 1% risk of failure)
Press: ? - help, Shift-Dir - straight line, f/p - komodo dragon
Aim: a komodo dragon (almost dead, 100% to hit)
The magic dart hits the komodo dragon but does no damage.
The komodo dragon is almost dead.
Unknown command.
Casting: Magic Dart (safe; 1% risk of failure)
Confirm with . or Enter, or press ? or * to list all spells.
Aiming: Searing Ray (safe; 1% risk of failure)
Press: ? - help, Shift-Dir - straight line, f/p - komodo dragon
Aim: a komodo dragon (almost dead, 87% to hit)
The searing ray hits the komodo dragon!
You kill the komodo dragon!
Vehumet accepts your kill.
You feel your power returning. (Press . to maintain the ray.)
Your Fire Magic skill increases to level 3!
You see here a wyvern corpse.
You open the door.
There is an open door here.
A boulder beetle comes into view.
You see here a wand of digging (5).
H - a wand of digging (8) (gained 5 charges)
The boulder beetle curls into a ball and begins rolling!
There is an open door here.
You see here a wyvern corpse.
You close the door.
The boulder beetle hits you!!!
Ouch! That really hurt!
You die...

#......................
##................>....
#..###.####............
#...# ####P....P...P...
#..####..###...P.......
##.###...###<..........
#.........##...P.......
#P..##.#####...........
#P.###@### #...........
#....#+B○###○B..PP.#.#.
##.......○°°..........
#...................
#..................
#P.............
#..............
##.............
#.............


You could see a boulder beetle (rolling).

Vanquished Creatures
  Maurice (D:8)
  A black mamba (Lair:1)
  A cane toad (Lair:1)
  3 komodo dragons
  Grinder (D:6)
  A hornet (D:8)
  2 basilisks (Lair:1)
  2 yaks (D:8)
  2 steam dragons (D:7)
  2 wyverns
  A water moccasin (D:7)
  4 orc warriors
  4 black bears
  3 sky beasts (D:7)
  An ice beast (D:7)
  2 necrophages
  2 centaurs (D:7)
  3 ogres
  A phantom (D:7)
  2 elf zombies (Ossuary)
  3 kobold brigands
  8 bullfrogs
  2 water moccasin zombies (D:6)
  2 wyvern skeletons
  2 scorpions
  3 water moccasin skeletons
  5 killer bees (D:6)
  6 wights
  4 howler monkeys
  2 bullfrog zombies (D:6)
  A human zombie (Ossuary)
  3 centaur zombies
  3 hounds
  2 jellies
  A gnoll shaman (D:6)
  10 orc priests
  A centaur skeleton (D:7)
  4 orc wizards
  An iguana (D:7)
  4 mummies (Ossuary)
  A howler monkey skeleton (D:7)
  7 gnolls
  4 adders (D:6)
  A white imp (D:7)
  3 ufetubi
  An adder skeleton (D:4)
  A worm (D:2)
  4 dart slugs
  38 orcs
  5 endoplasms
  2 giant cockroaches
  7 goblins
  7 hobgoblins
  7 quokkas
  7 ball pythons
  8 bats
  2 frilled lizards (D:1)
  2 gnoll zombies (Ossuary)
  14 kobolds
  A kobold zombie (Ossuary)
  3 orc zombies (Ossuary)
  8 rats
  3 rat zombies (Ossuary)
242 creatures vanquished.

Vanquished Creatures (others)
  39 fulminant prisms
  11 fungi
  13 plants
63 creatures vanquished.

Grand Total: 305 creatures vanquished

Notes
Turn   | Place    | Note
-------+----------+-------------------------------------------
     0 | D:1      | bnorton916 the Deep Elf Conjurer began the quest for the
                  | Orb.
     0 | D:1      | Reached XP level 1. HP: 10/10 MP: 6/6
   247 | D:1      | Reached XP level 2. HP: 15/15 MP: 5/8
   716 | D:1      | Reached XP level 3. HP: 19/19 MP: 6/10
   751 | D:1      | Reached skill level 5 in Conjurations
   754 | D:1      | Learned a level 2 spell: Searing Ray
  1543 | D:2      | Reached XP level 4. HP: 24/24 MP: 4/12
  1720 | D:2      | Reached skill level 5 in Spellcasting
  2508 | D:2      | Reached XP level 5. HP: 28/28 MP: 12/14
  3256 | D:3      | Learned a level 4 spell: Fulminant Prism
  3261 | D:3      | Learned a level 4 spell: Iskenderun's Mystic Blast
  3470 | D:3      | Found a faded altar of an unknown god.
  3880 | D:3      | Reached skill level 1 in Hexes
  3880 | D:3      | Reached skill level 1 in Translocations
  4169 | D:4      | Noticed a necrophage
  4174 | D:4      | Killed a necrophage
  4175 | D:4      | Reached XP level 6. HP: 29/32 MP: 8/16
  4599 | D:4      | Noticed an orc warrior
  4979 | D:4      | Found a staircase to the Ecumenical Temple.
  5017 | Temple   | Entered the Ecumenical Temple
  5056 | Temple   | Became a worshipper of Vehumet
  5155 | D:4      | Killed an orc warrior
  5403 | D:4      | Learned a level 2 spell: Blink
  5468 | D:4      | Reached skill level 5 in Hexes
  5468 | D:4      | Reached XP level 7. HP: 36/36 MP: 10/17
  5695 | D:5      | Entered Level 5 of the Dungeon
  5695 | D:5      | Found a sand-covered staircase.
  5721 | Ossuary  | Entered an ossuary
  5780 | Ossuary  | Reached * piety under Vehumet
  5780 | Ossuary  | Offered knowledge of Freeze by Vehumet.
  5782 | Ossuary  | Reached skill level 5 in Translocations
  6735 | D:5      | Reached XP level 8. HP: 41/41 MP: 14/18
  6740 | D:5      | Learned a level 4 spell: Iskenderun's Mystic Blast
  6943 | D:5      | Reached skill level 6 in Conjurations
  7441 | D:6      | Reached skill level 7 in Conjurations
  7843 | D:6      | Reached skill level 5 in Dodging
  8287 | D:6      | Reached XP level 9. HP: 43/45 MP: 15/19
  8357 | D:6      | Reached skill level 8 in Conjurations
  8403 | D:6      | Offered knowledge of Foxfire by Vehumet.
  8403 | D:6      | Reached ** piety under Vehumet
  8715 | D:6      | Noticed Grinder
  8719 | D:6      | Killed Grinder
  9508 | D:7      | Reached skill level 9 in Conjurations
 10639 | D:7      | Reached skill level 1 in Armour
 10639 | D:7      | Reached skill level 10 in Conjurations
 10669 | D:7      | Offered knowledge of Frozen Ramparts by Vehumet.
 11214 | D:7      | Reached XP level 10. HP: 50/50 MP: 20/20
 11520 | D:7      | Reached *** piety under Vehumet
 12390 | D:8      | Reached skill level 11 in Conjurations
 12473 | D:8      | Noticed Maurice
 12487 | D:8      | Killed Maurice
 12605 | D:8      | Learned a level 3 spell: Frozen Ramparts
 12685 | D:8      | Reached skill level 1 in Ice Magic
 12851 | D:8      | Identified the +9 hand axe of Kuschorid {pain, Fly}
 12885 | D:8      | Offered knowledge of Stone Arrow by Vehumet.
 13338 | D:8      | Found a staircase to the Lair.
 13484 | Lair:1   | Entered Level 1 of the Lair of Beasts
 13563 | Lair:1   | Learned a level 3 spell: Stone Arrow
 13754 | Lair:1   | Noticed a black mamba
 13759 | Lair:1   | Killed a black mamba
 13760 | Lair:1   | Reached skill level 1 in Fire Magic
 14326 | Lair:1   | Noticed a cane toad
 14331 | Lair:1   | Killed a cane toad
 14332 | Lair:1   | Reached skill level 12 in Conjurations
 14675 | Lair:2   | Reached XP level 11. HP: 54/54 MP: 23/23
 14770 | Lair:2   | Noticed a boulder beetle
 14775 | Lair:2   | Slain by a boulder beetle

Illustrated notes

Levels and vault maps discovered:
D:1:      co_arrival_square_in_a_square_in_a_square, layout_basic,
          minmay_heptomino_w4
D:2:      cheibrodos_pilgrimage, layout_basic
D:3:      layout_basic, basic_ecumenical_altar, dk_vineyard_2
D:4:      layout_rooms, minmay_temple_entry_enclosed_plants,
          guppyfry_early_orc_mine
D:5:      layout_loops_ring, nicolae_ossuary_entry_monument
D:6:      minmay_razor_zed, layout_rooms, uniq_grinder
D:7:      minmay_thinvault, layout_loops_ring, minmay_misc_feat_hallway
D:8:      layout_gridville, grunt_lair_entry_orc_guard_hut, minivault_1,
          kennysheep_generic_room_10, uniq_maurice
Temple:   nicolae_temple_the_god_donut
Lair:1:   layout_loops_ring
Lair:2:   layout_regular_city

Skill      XL: |  1  2  3  4  5  6  7  8  9 10 11 |
---------------+----------------------------------+-----
Spellcasting   | 4 5 6 |  6.9
Conjurations   | 5 7 10 12 | 12.1
Hexes          | 2 5 7 |  7.4
Translocations | 2 4 5 6 |  6.1
Dodging        | 6 8 |  8.9
Armour         | 1 4 |  4.0
Ice Magic      | 2 |  2.5
Fire Magic     | 2 3 |  3.1
Stealth        | |  2.4

Action                   |  1- 3 |  4- 6 |  7- 9 | 10-12 || total
-------------------------+-------+-------+-------+-------++-------
Melee: Dagger            |       |       |    11 |     1 ||    12
 Cast: Magic Dart        |    67 |    79 |   123 |    49 ||   318
       Searing Ray       |     1 |    16 |    40 |    27 ||    84
       Fulminant Prism   |       |     2 |    15 |    22 ||    39
       Iskenderun's Myst |       |       |    12 |     8 ||    20
       Frozen Ramparts   |       |       |       |     1 ||     1
  Use: Scroll            |       |       |    10 |     7 ||    17
       Potion            |       |       |     2 |       ||     2
Armor: Robe              |     1 |     2 |    29 |     3 ||    35
Dodge: Dodged            |     1 |     8 |    74 |    13 ||    96
